PAA
DURHAM RAPIERS @ PHOENIX HOTSPUR YOUTH
09/16/2031
 
TOP OF THE 1ST
Durham Rapiers batting - Pitching for Phoenix Hotspur Youth : LHP Ismael Lara
Pitching: LHP Ismael Lara
Batting: LHB Alberto Garza 0-0: SINGLE (Groundball, 6MD)
Batting: RHB Carlos Evangelho 0-0: DOUBLE (Groundball, 3L)
Alberto Garza to third
Runner from 3rd tries for Home, SAFE, throw made at trailing runner, OUT at third!
Batting: RHB Tomás Costello 0-0: Ball
1-0: Called Strike
1-1: Foul Ball, location: 2F
1-2: Ball
2-2: Ball
3-2: Base on Balls
Batting: RHB Armando Chamú 0-0: Ball
1-0: Ball
2-0: Swinging Strike
2-1: Foul Ball, location: 2F
2-2: Foul Ball, location: 2F
2-2: Strikes out swinging
Batting: RHB Raúl Moreno 0-0: Ball
1-0: Called Strike
1-1: Ball
2-1: Called Strike
2-2: SINGLE (Groundball, 4S) (infield hit)
Tomás Costello to second
Batting: RHB Colby King 0-0: Ball
1-0: Ball
2-0: DOUBLE (Groundball, 5D)
Tomás Costello scores
Raúl Moreno to third
Batting: SHB Cash Masters 0-0: Ball
1-0: Ball
2-0: SINGLE (Groundball, 34D)
Raúl Moreno scores
Colby King to third
Runner from 3rd tries for Home, SAFE, no throw
Batting: RHB Yoshi Kouda 0-0: Ball
1-0: Called Strike
1-1: SINGLE (Line Drive, 6MD)
Cash Masters to second
Runner from 2nd tries for 3rd, SAFE, no throw
Batting: RHB Mason Congdon 0-0: Fly out, F7 (Line Drive, 7D)
Top of the 1st over - 4 runs, 6 hits, 0 errors, 2 left on base; Durham 4 - Phoenix Hotspur 0
BOTTOM OF THE 1ST
Phoenix Hotspur Youth batting - Pitching for Durham Rapiers : LHP Archie Erickson
Pitching: LHP Archie Erickson
Batting: RHB Juan Negrete 0-0: Called Strike
0-1: Ground out 6-3 (Groundball, 6)
Batting: RHB Carl Tucker 0-0: Ball
1-0: Ball
2-0: Ball
3-0: Called Strike
3-1: DOUBLE (Flyball, 8RD)
Batting: RHB Sinfronio Vitor 0-0: Foul Ball, location: 2F
0-1: Ball
1-1: Ball
2-1: Foul Ball, location: 2F
2-2: Strikes out swinging
Batting: RHB Braylen Sampson 0-0: Foul Ball, location: 2F
0-1: Ball
1-1: Ball
2-1: Ground out 6-3 (Groundball, 6)
Bottom of the 1st over - 0 runs, 1 hit, 0 errors, 1 left on base; Durham 4 - Phoenix Hotspur 0
TOP OF THE 2ND
Durham Rapiers batting - Pitching for Phoenix Hotspur Youth : LHP Ismael Lara
Batting: LHB Alberto Garza 0-0: Ball
1-0: Called Strike
1-1: Ball
2-1: Ball
3-1: Called Strike
3-2: DOUBLE (Line Drive, 9LM)
Batting: RHB Carlos Evangelho 0-0: Ball
1-0: Ball
2-0: Foul Ball, location: 2F
2-1: Ball
3-1: Base on Balls
Batting: RHB Tomás Costello 0-0: Ball
1-0: Ball
2-0: Ball
3-0: Called Strike
3-1: Called Strike
3-2: Fly out, F7 (Line Drive, 7)
Batting: RHB Armando Chamú 0-0: Ball
Alberto Garza steals 3rd base
Carlos Evangelho to second
1-0: Foul Ball, location: 2F
1-1: Ball
2-1: Reached on error, E3 (Groundball, 34)
Alberto Garza scores
Carlos Evangelho to third
Batting: RHB Raúl Moreno 0-0: Ball
1-0: Ball
2-0: Ball
3-0: Base on Balls
Armando Chamú to second
Batting: RHB Colby King 0-0: Swinging Strike
0-1: Ball
1-1: Foul Ball, location: 2F
1-2: Strikes out swinging
Batting: SHB Cash Masters 0-0: Called Strike
0-1: Ball
1-1: Swinging Strike
1-2: Strikes out swinging
Top of the 2nd over - 1 run, 1 hit, 1 error, 3 left on base; Durham 5 - Phoenix Hotspur 0
BOTTOM OF THE 2ND
Phoenix Hotspur Youth batting - Pitching for Durham Rapiers : LHP Archie Erickson
Batting: LHB Mare Riseley 0-0: Ball
1-0: Foul Ball, location: 2F
1-1: Ground out 5-3 (Groundball, 5)
Batting: RHB José Souza 0-0: Fly out, F8 (Flyball, 8LD)
Batting: RHB Bill Poole 0-0: Called Strike
0-1: Called Strike
0-2: Ball
1-2: Ball
2-2: Strikes out looking
Bottom of the 2nd over - 0 runs, 0 hits, 0 errors, 0 left on base; Durham 5 - Phoenix Hotspur 0
TOP OF THE 3RD
Durham Rapiers batting - Pitching for Phoenix Hotspur Youth : LHP Ismael Lara
Batting: RHB Yoshi Kouda 0-0: Called Strike
0-1: Fly out, F8 (Flyball, 8RD)
Batting: RHB Mason Congdon 0-0: Ball
1-0: Foul Ball, location: 2F
1-1: Ball
2-1: Fly out, F8 (Flyball, 8RM)
Batting: LHB Alberto Garza 0-0: Ground out 4-3 (Groundball, 4)
Top of the 3rd over - 0 runs, 0 hits, 0 errors, 0 left on base; Durham 5 - Phoenix Hotspur 0
BOTTOM OF THE 3RD
Phoenix Hotspur Youth batting - Pitching for Durham Rapiers : LHP Archie Erickson
Batting: LHB Damian Alldred 0-0: Ball
1-0: Reached on error, E6 (Groundball, 6)
Batting: RHB Juan Cardona 0-0: Foul Ball, location: 2F
0-1: Called Strike
0-2: Ball
1-2: Strikes out looking and he ARGUES THE CALL AND IS TOSSED!
Batting: RHB Juan Negrete 0-0: Ball
1-0: Ball
2-0: Ball
3-0: Base on Balls
Damian Alldred to second
Batting: RHB Carl Tucker 0-0: Foul Ball, location: 2F
0-1: Fly out, F3 (Popup, 34S)
Batting: RHB Sinfronio Vitor 0-0: Ball
1-0: Ball
2-0: Ball
3-0: Called Strike
3-1: Base on Balls
Damian Alldred to third
Juan Negrete to second
Batting: RHB Braylen Sampson 0-0: Ball
1-0: Foul Ball, location: 2F
1-1: Swinging Strike
1-2: Ball
2-2: Ball
3-2: Foul Ball, location: 2F
3-2: Foul Ball, location: 2F
3-2: Fly out, F7 (Line Drive, 7)
Bottom of the 3rd over - 0 runs, 0 hits, 1 error, 3 left on base; Durham 5 - Phoenix Hotspur 0
TOP OF THE 4TH
Durham Rapiers batting - Pitching for Phoenix Hotspur Youth : LHP Ismael Lara
Now at 1B: Tyler Kinjeketile
Batting: RHB Carlos Evangelho 0-0: SINGLE (Groundball, 56S) (infield hit)
Batting: RHB Tomás Costello 0-0: Ball
1-0: Ball
2-0: Swinging Strike
2-1: Grounds into double play, 6-4-3 (Groundball, 6M)
Batting: RHB Armando Chamú 0-0: Called Strike
0-1: Ball
1-1: Foul Ball, location: 2F
1-2: Ball
2-2: Ground out 1-3 (Groundball, P)
Top of the 4th over - 0 runs, 1 hit, 0 errors, 0 left on base; Durham 5 - Phoenix Hotspur 0
BOTTOM OF THE 4TH
Phoenix Hotspur Youth batting - Pitching for Durham Rapiers : LHP Archie Erickson
Batting: LHB Mare Riseley 0-0: Ball
1-0: Called Strike
1-1: Swinging Strike
1-2: Ball
2-2: Ball
3-2: Base on Balls
Batting: RHB José Souza 0-0: Grounds into double play, 1-4-3 (Groundball, 15S)
Batting: RHB Bill Poole 0-0: Ball
1-0: Ball
2-0: Swinging Strike
2-1: Fly out, F7 (Flyball, 7LM)
Bottom of the 4th over - 0 runs, 0 hits, 0 errors, 0 left on base; Durham 5 - Phoenix Hotspur 0
TOP OF THE 5TH
Durham Rapiers batting - Pitching for Phoenix Hotspur Youth : LHP Ismael Lara
Batting: RHB Raúl Moreno 0-0: Ball
1-0: Fly out, F6 (Line Drive, 6MD)
Batting: RHB Colby King 0-0: Foul Ball, location: 2F
0-1: Called Strike
0-2: Ball
1-2: Ball
2-2: Foul Ball, location: 2F
2-2: Ball
3-2: Base on Balls
Batting: SHB Cash Masters 0-0: Called Strike
0-1: Ball
1-1: Fly out, F9 (Flyball, 9)
Batting: RHB Yoshi Kouda 0-0: Called Strike
0-1: Swinging Strike
0-2: Strikes out swinging
Top of the 5th over - 0 runs, 0 hits, 0 errors, 1 left on base; Durham 5 - Phoenix Hotspur 0
BOTTOM OF THE 5TH
Phoenix Hotspur Youth batting - Pitching for Durham Rapiers : LHP Archie Erickson
Batting: LHB Damian Alldred 0-0: Foul Ball, location: 2F
0-1: Foul Ball, location: 2F
0-2: Ball
1-2: Strikes out swinging
Batting: LHB Tyler Kinjeketile 0-0: Called Strike
0-1: Called Strike
0-2: Strikes out swinging
Batting: RHB Juan Negrete 0-0: Ball
1-0: Called Strike
1-1: Fly out, F7 (Flyball, 7LD)
Bottom of the 5th over - 0 runs, 0 hits, 0 errors, 0 left on base; Durham 5 - Phoenix Hotspur 0
TOP OF THE 6TH
Durham Rapiers batting - Pitching for Phoenix Hotspur Youth : LHP Ismael Lara
Batting: RHB Mason Congdon 0-0: SINGLE (Groundball, 34D)
Batting: LHB Alberto Garza 0-0: Ball
1-0: Ball
2-0: Swinging Strike
2-1: Ball
3-1: Foul Ball, location: 2F
3-2: Strikes out swinging
Batting: RHB Carlos Evangelho 0-0: Ball
1-0: Foul Ball, location: 2F
1-1: Ball
2-1: Called Strike
2-2: Foul Ball, location: 2F
2-2: Foul Ball, location: 2F
2-2: Ball
3-2: Base on Balls
Mason Congdon to second
Pitching: LHP Wei-qian Chieu
Batting: RHB Tomás Costello 0-0: Called Strike
0-1: Ball
1-1: Fly out, F3 (Line Drive, 3)
Batting: RHB Armando Chamú 0-0: Called Strike
0-1: Ball
Wild Pitch!
Mason Congdon to third
Carlos Evangelho to second
1-1: Ball
2-1: Fly out, F8 (Flyball, 8LM)
Top of the 6th over - 0 runs, 1 hit, 0 errors, 2 left on base; Durham 5 - Phoenix Hotspur 0
BOTTOM OF THE 6TH
Phoenix Hotspur Youth batting - Pitching for Durham Rapiers : LHP Archie Erickson
Batting: RHB Carl Tucker 0-0: Ball
1-0: Ball
2-0: Ball
3-0: Base on Balls
Batting: RHB Sinfronio Vitor 0-0: Called Strike
0-1: SINGLE (Line Drive, 89S)
Carl Tucker to second
Batting: RHB Braylen Sampson 0-0: Ball
1-0: Called Strike
1-1: Fly out, F9 (Line Drive, 9D)
Batting: LHB Mare Riseley 0-0: Ball
1-0: Ball
2-0: Foul Ball, location: 2F
2-1: Ball
3-1: Base on Balls
Carl Tucker to third
Sinfronio Vitor to second
Batting: RHB José Souza 0-0: GRAND SLAM HOME RUN (Flyball, 7D), Distance : 364 ft
Batting: RHB Bill Poole 0-0: Ball
1-0: Ground out 6-3 (Groundball, 6S)
Batting: LHB Damian Alldred 0-0: Called Strike
0-1: Ball
1-1: SINGLE (Groundball, 34D)
Batting: LHB Tyler Kinjeketile 0-0: Ball
Damian Alldred steals 2nd base
1-0: Ball
2-0: Ground out U3 (Groundball, 34)
Bottom of the 6th over - 4 runs, 3 hits, 0 errors, 1 left on base; Durham 5 - Phoenix Hotspur 4
TOP OF THE 7TH
Durham Rapiers batting - Pitching for Phoenix Hotspur Youth : LHP Wei-qian Chieu
Batting: RHB Raúl Moreno 0-0: Called Strike
0-1: Ball
1-1: Ground out 6-3 (Groundball, 6S)
Batting: RHB Colby King 0-0: Ball
1-0: Ground out 6-3 (Groundball, 6M)
Batting: SHB Cash Masters 0-0: Ball
1-0: Ball
2-0: Ball
3-0: Called Strike
3-1: Base on Balls
Pinch Hitting: RHB Guillermo Mata 0-0: Swinging Strike
0-1: Foul Ball, location: 2F
0-2: Strikes out swinging
Top of the 7th over - 0 runs, 0 hits, 0 errors, 1 left on base; Durham 5 - Phoenix Hotspur 4
BOTTOM OF THE 7TH
Phoenix Hotspur Youth batting - Pitching for Durham Rapiers : LHP Archie Erickson
Now in LF: Askari bin Idris
Batting: RHB Juan Negrete 0-0: Called Strike
0-1: Ball
1-1: Ball
2-1: Swinging Strike
2-2: Ball
3-2: Foul Ball, location: 2F
3-2: Base on Balls
Pitching: RHP José Morales
Batting: RHB Carl Tucker 0-0: Bunted foul
0-1: Bunted foul
0-2: Strikes out swinging
Pinch Hitting: LHB António Escalante 0-0: Foul Ball, location: 2F
0-1: Ball
1-1: Called Strike
1-2: Ball
2-2: Foul Ball, location: 2F
2-2: Ground out U3 (Groundball, 3S)
Juan Negrete to second
Batting: RHB Braylen Sampson 0-0: Ball
1-0: Called Strike
1-1: Swinging Strike
1-2: Reached on error, E6 (Groundball, 6MD)
Juan Negrete to third
Batting: LHB Mare Riseley 0-0: Foul Ball, location: 2F
0-1: Ball
1-1: Fly out, F3 (Popup, 3)
Bottom of the 7th over - 0 runs, 0 hits, 1 error, 2 left on base; Durham 5 - Phoenix Hotspur 4
TOP OF THE 8TH
Durham Rapiers batting - Pitching for Phoenix Hotspur Youth : LHP Wei-qian Chieu
Now in RF: Joseph Antoine
Batting: RHB Mason Congdon 0-0: Ball
1-0: Ball
2-0: Ball
3-0: Called Strike
3-1: Fly out, F4 (Popup, 3D)
Batting: LHB Alberto Garza 0-0: Foul Ball, location: 2F
0-1: Ground out 5-3 (Groundball, 56)
Batting: RHB Carlos Evangelho 0-0: Swinging Strike
0-1: Fly out, F7 (Flyball, 78S)
Top of the 8th over - 0 runs, 0 hits, 0 errors, 0 left on base; Durham 5 - Phoenix Hotspur 4
BOTTOM OF THE 8TH
Phoenix Hotspur Youth batting - Pitching for Durham Rapiers : RHP José Morales
Batting: RHB José Souza 0-0: Swinging Strike
0-1: Called Strike
0-2: Strikes out swinging
Batting: RHB Bill Poole 0-0: Ball
1-0: Called Strike
1-1: Ball
2-1: Swinging Strike
2-2: Foul Ball, location: 2F
2-2: Foul Ball, location: 2F
2-2: Foul Ball, location: 2F
2-2: Strikes out swinging, 2-3 out at first.
Batting: LHB Damian Alldred 0-0: Ball
1-0: Fly out, F9 (Flyball, 8RS)
Bottom of the 8th over - 0 runs, 0 hits, 0 errors, 0 left on base; Durham 5 - Phoenix Hotspur 4
TOP OF THE 9TH
Durham Rapiers batting - Pitching for Phoenix Hotspur Youth : LHP Wei-qian Chieu
Batting: RHB Tomás Costello 0-0: Ball
1-0: Ball
2-0: Foul Ball, location: 2F
2-1: SINGLE (Groundball, 6MD)
Batting: RHB Armando Chamú 0-0: Fly out, F8 (Flyball, 8LXD)
Batting: RHB Raúl Moreno 0-0: Grounds into double play, 6-4-3 (Groundball, 56)
Top of the 9th over - 0 runs, 1 hit, 0 errors, 0 left on base; Durham 5 - Phoenix Hotspur 4
BOTTOM OF THE 9TH
Phoenix Hotspur Youth batting - Pitching for Durham Rapiers : RHP José Morales
Pitching: RHP Mark Sinclair
Batting: LHB Tyler Kinjeketile 0-0: Ball
1-0: Swinging Strike
1-1: Foul Ball, location: 2F
1-2: Strikes out swinging
Batting: RHB Juan Negrete 0-0: Ball
1-0: Ball
2-0: Ball
3-0: Base on Balls
Batting: RHB Carl Tucker 0-0: Called Strike
0-1: Ball
1-1: Foul Ball, location: 2F
1-2: Ball
2-2: Ball
3-2: Base on Balls
Juan Negrete to second
Batting: LHB Joseph Antoine 0-0: Ball
1-0: Called Strike
1-1: Ball
2-1: Called Strike
2-2: Strikes out swinging
Batting: RHB Braylen Sampson 0-0: Ball
1-0: Called Strike
1-1: Ball
2-1: Ball
3-1: Base on Balls
Juan Negrete to third
Carl Tucker to second
Batting: LHB Mare Riseley 0-0: Ball
1-0: Foul Ball, location: 2F
1-1: Foul Ball, location: 2F
1-2: Fly out, F8 (Flyball, 89M)
Bottom of the 9th over - 0 runs, 0 hits, 0 errors, 3 left on base; Durham 5 - Phoenix Hotspur 4
Tuesday, June 12th, 2018 - OOTP Baseball 18.8 Build 76